 Dungeon Crawl Stone Soup version 0.31-a0-182-gc5ef74bbde (webtiles) character file.

Game seed: 14567864161719821664

705 LobsterGuardian the Covert (level 7, -28/60 HPs)
             Began as a Gnoll Delver on June 21, 2023.
             Killed by an exploding ufetubus (38 damage)
             ... ignited by their inner flame
             ... on level 5 of the Dungeon.
             The game lasted 00:14:31 (4944 turns).

LobsterGuardian the Covert (Gnoll Delver)           Turns: 4944, Time: 00:14:32

Health: -28/60     AC:  7    Str: 11      XL:     7   Next: 67%
Magic:  3/10       EV:  2    Int: 10 (13) God:
Gold:   208        SH:  0    Dex: -1 (14) Spells: 9/11 levels left

rFire   . . .        a - +0 falchion
rCold   + . .        (no shield)
rNeg    . . .        q - +0 ring mail
rPois   .            (no helmet)
rElec   .            (no cloak)
rCorr   .            (no gloves)
SInv    .            (no boots)
Will    .....        (no amulet) Stlth
                     n - ring of protection from cold
HPRegen 0.30/turn    s - +4 ring of protection
MPRegen 0.12/turn

%: no passive effects
@: slowed, lost dexterity, very slow
A: fangs 1, strong nose, distributed training, clever 1, deformed body, low MP 1
a: no special abilities


You were on level 5 of the Dungeon.
You visited 2 branches of the dungeon, and saw 7 of its levels.

You collected 208 gold pieces.

Inventory:

Hand Weapons
 a - a +0 falchion (weapon)
Missiles
 i - a throwing net
Armour
 b - a +0 leather armour
 q - a +0 ring mail (worn)
Jewellery
 n - a ring of protection from cold (left hand)
 s - a +4 ring of protection (right hand)
Wands
 g - a wand of digging (3)
 h - a wand of quicksilver (4)
Scrolls
 c - a scroll of fog
 d - a scroll of revelation
Potions
 r - a potion of magic


   Skills:
 + Level 7.1 Fighting
 + Level 2.7 Short Blades
 + Level 5.4 Long Blades
 + Level 2.7 Axes
 + Level 2.7 Maces & Flails
 + Level 2.7 Polearms
 + Level 2.7 Staves
 + Level 2.7 Ranged Weapons
 + Level 2.7 Throwing
 + Level 2.7 Armour
 + Level 5.4 Dodging
 + Level 10.0 Stealth
 + Level 2.7 Shields
 + Level 2.7 Unarmed Combat
 + Level 2.7 Spellcasting
 + Level 2.2 Conjurations
 + Level 2.2 Hexes
 + Level 2.2 Summonings
 + Level 2.2 Necromancy
 + Level 2.2 Translocations
 + Level 2.2 Transmutations
 + Level 2.2 Fire Magic
 + Level 2.2 Ice Magic
 + Level 2.2 Air Magic
 + Level 2.2 Earth Magic
 + Level 2.2 Poison Magic
 + Level 3.0 Invocations
 + Level 2.7 Evocations


You had 9 spell levels left.
You knew the following spells:

 Your Spells              Type           Power      Damage    Failure   Level
a - Summon Small Mammal   Summ           20%        N/A       26%         1
b - Necrotise             Necr           20%        1d5       26%         1

Your spell library contained the following spells:

 Spells                   Type           Power      Damage    Failure   Level
 Apportation              Tloc           10%        N/A       26%         1
 Freeze                   Ice            20%        1d4       26%         1
 Frozen Ramparts          Ice            10%        1d2       61%         3
 Hailstorm                Conj/Ice       5%         3d4       61%         3


Dungeon Overview and Level Annotations

Branches:
Dungeon (6/15)             Temple (1/1) D:5

Altars:
Ashenzari
Cheibriados
Hepliaklqana
Kikubaaqudgha
Nemelex Xobeh
Qazlal
Ru
Trog
Uskayaw
Vehumet
Wu Jian
Xom
Yredelemnul
The Shining One

Shops:
D:2 *([


Innate Abilities, Weirdness & Mutations

You have very sharp teeth.
Your uncanny sense of smell can sniff out nearby items.
Your experience applies equally to all skills.
Your mind is acute. (Int +4, Str/Dex -1)
Armour fits poorly on your strangely shaped body.
Your magical capacity is low. (-10% MP)


Message History

Your bat's corpse disappears in a puff of smoke!
The white imp shouts!
You hit the ufetubus.
The ufetubus is almost dead.
The ufetubus hits you but does no damage.
The ufetubus barely misses you.
The ufetubus hits you but does no damage.
The ufetubus barely misses you. The ufetubus hits you.
* * * LOW HITPOINT WARNING * * *
The ufetubus hits you.
* * * LOW HITPOINT WARNING * * *
The white imp hits you but does no damage.
Unknown command.
Okay, then.
As you read the scroll labelled DIPLAN CESMAB, it crumbles to dust.
The creatures around you are filled with an inner flame!
It was a scroll of immolation.
The ufetubus hits you.
* * * LOW HITPOINT WARNING * * *
The ufetubus hits you.
* * * LOW HITPOINT WARNING * * *
The white imp hits you but does no damage.
The ufetubus hits you.
* * * LOW HITPOINT WARNING * * *
The ufetubus hits you but does no damage.
Unknown command.
Okay, then.
Okay, then.
Sorry, you're not good enough to have a special ability.
Unknown command.
Aiming: Necrotise (safe; 26% risk of failure)
Press: ? - help, Q - select action, (/) - cycle Shift-Dir - straight line, f - ufetubus
Aim: an ufetubus (almost dead, inner flame, not susceptible)
Okay, then.
Okay, then.
Okay, then.
You hit the ufetubus.
The ufetubus explodes!
The fiery explosion engulfs you!!!
Ouch! That really hurt!
You die...

......##### #........
.......'..### ##........
.......##...#####........#
........#.#'#...#+#......#
......#####...§...#####...
#...#+# #...........# '#.
##### ##....§.§§§##...##
.[ +.......§.))..... ..
##.....@5##...... ..
#...(...# ..)... ..
####+#### ..... .. .....
.[ .... .. .... ∆ ∆


You could see a white imp (inner flame).

Vanquished Creatures
  An ogre (D:4)
  A phantom (D:3)
  A scorpion (D:5)
  A howler monkey (D:4)
  2 quasits
  An orc priest (D:3)
  A hound (D:3)
  2 orc wizards
  A mummy (D:4)
  4 adders
  3 gnolls (D:5)
  A shadow imp (D:5)
  A white imp (D:5)
  An ufetubus (D:5)
  A worm (D:2)
  3 dart slugs
  17 orcs
  8 ball pythons
  13 endoplasms
  A giant cockroach (D:2)
  8 goblins
  6 hobgoblins
  4 jackals (D:2)
  8 kobolds
  4 quokkas
  8 bats
  2 frilled lizards
  8 rats
112 creatures vanquished.

Vanquished Creatures (collateral kills)
  A hound (D:5)
  An orc priest (D:4)
  An adder (D:5)
  An orc (D:4)
4 creatures vanquished.

Grand Total: 116 creatures vanquished

Notes
Turn   | Place    | Note
-------+----------+-------------------------------------------
     0 | D:5      | Reached skill level 9 in Stealth
     0 | D:5      | LobsterGuardian the Gnoll Delver began the quest for the
                  | Orb.
     0 | D:5      | Reached XP level 1. HP: 23/23 MP: 1/1
    16 | D:5      | Noticed an orc wizard
    82 | D:4      | Noticed an orc priest
    82 | D:4      | Noticed a phantom
   196 | D:3      | Reached XP level 2. HP: 18/29 MP: 2/2
   405 | D:1      | Reached XP level 3. HP: 35/35 MP: 3/3
   700 | D:1      | Reached skill level 1 in Invocations
  1103 | D:1      | Gained mutation: Armour fits poorly on your strangely
                  | shaped body. [potion of mutation]
  1103 | D:1      | Gained mutation: Your magical capacity is low. (-10% MP)
                  | [potion of mutation]
  1103 | D:1      | Gained mutation: Your mind is acute. (Int +4, Str/Dex -1)
                  | [potion of mutation]
  1131 | D:2      | Reached skill level 1 in Short Blades
  1131 | D:2      | Reached skill level 1 in Axes
  1131 | D:2      | Reached skill level 1 in Maces & Flails
  1131 | D:2      | Reached skill level 1 in Polearms
  1131 | D:2      | Reached skill level 1 in Staves
  1131 | D:2      | Reached skill level 1 in Ranged Weapons
  1131 | D:2      | Reached skill level 1 in Throwing
  1131 | D:2      | Reached skill level 1 in Armour
  1131 | D:2      | Reached skill level 1 in Shields
  1131 | D:2      | Reached skill level 1 in Unarmed Combat
  1131 | D:2      | Reached skill level 1 in Spellcasting
  1131 | D:2      | Reached skill level 1 in Evocations
  1185 | D:2      | Found Ibeatz's General Store.
  1245 | D:2      | Found Punuohiy's Armour Boutique.
  1245 | D:2      | Noticed an animated storm dragon scales
  1248 | D:2      | Noticed an animated pearl dragon scales
  1280 | D:2      | Reached XP level 4. HP: 40/41 MP: 5/5
  1338 | D:2      | Found a sacrificial altar of Ru.
  1582 | D:2      | Found Wepsoras's Antique Weapon Boutique.
  1652 | D:2      | Reached skill level 1 in Conjurations
  1652 | D:2      | Reached skill level 1 in Hexes
  1652 | D:2      | Reached skill level 1 in Summonings
  1652 | D:2      | Reached skill level 1 in Necromancy
  1652 | D:2      | Reached skill level 1 in Translocations
  1652 | D:2      | Reached skill level 1 in Transmutations
  1652 | D:2      | Reached skill level 1 in Fire Magic
  1652 | D:2      | Reached skill level 1 in Ice Magic
  1652 | D:2      | Reached skill level 1 in Air Magic
  1652 | D:2      | Reached skill level 1 in Earth Magic
  1652 | D:2      | Reached skill level 1 in Poison Magic
  2084 | D:3      | Found a broken altar of Ashenzari.
  2217 | D:3      | Reached XP level 5. HP: 24/47 MP: 6/6
  2455 | D:3      | Learned a level 1 spell: Summon Small Mammal
  2739 | D:3      | Killed a phantom
  2740 | D:3      | Reached XP level 6. HP: 34/53 MP: 4/7
  3059 | D:4      | Found a snail-covered altar of Cheibriados.
  3099 | D:4      | Reached skill level 5 in Long Blades
  3099 | D:4      | Reached skill level 5 in Dodging
  3681 | D:4      | Learned a level 1 spell: Necrotise
  3713 | D:4      | Noticed a moth of wrath
  3716 | D:4      | Found a bloodstained altar of Trog.
  3917 | D:4      | Found a hide-covered altar of Uskayaw.
  4148 | D:4      | Reached XP level 7. HP: 60/60 MP: 5/9
  4225 | D:4      | Found a radiant altar of Vehumet.
  4413 | D:4      | Lost dexterity.
  4554 | D:5      | Found a staircase to the Ecumenical Temple.
  4562 | Temple   | Entered the Ecumenical Temple
  4628 | D:6      | Noticed a steam dragon
  4911 | D:5      | Reached skill level 10 in Stealth
  4944 | D:5      | Killed by an exploding ufetubus... ignited by their inner
                  | flame

Illustrated notes

Levels and vault maps discovered:
D:1:      shiori_arrival_maze, layout_loops_ring, amethyst_killhole,
          corner_web_ring, kennysheep_flooded_box
D:2:      layout_loops_ring, basic_altar, serial_shops, nicolae_shop_peninsula,
          shop, nicolae_shop_mannequins, minmay_tromino_v4_a
D:3:      layout_basic, general_overflow_altar
D:4:      layout_basic, mainiacjoe_overflow_cross_hatched, tgw_trog,
          vehumet_crystals, slow_altar_1, grunt_ministairs_8
D:5:      nicolae_cairo_tiling_very_big, layout_rooms,
          gammafunk_temple_overflow_claw, mainiacjoe_overflow_surrounded_room,
          serial_demonic, serial_demonic_a, serial_demonic_e, serial_demonic_d,
          serial_demonic_f, serial_shops, shop
D:6:      layout_rooms, mainiacjoe_overflow_concentric_impassable,
          mainiacjoe_overflow_brackets, portal_sewer_entry_a
Temple:   nicolae_temple_cloud_nine

Skill      XL: |  1  2  3  4  5  6  7 |
---------------+----------------------+-----
Stealth        | 10 | 10.0
Invocations    | 1 2 3 |  3.0
Short Blades   | 1 2 |  2.7
Axes           | 1 2 |  2.7
Maces & Flails | 1 2 |  2.7
Polearms       | 1 2 |  2.7
Staves         | 1 2 |  2.7
Ranged Weapons | 1 2 |  2.7
Throwing       | 1 2 |  2.7
Armour         | 1 2 |  2.7
Shields        | 1 2 |  2.7
Unarmed Combat | 1 2 |  2.7
Spellcasting   | 1 2 |  2.7
Evocations     | 1 2 |  2.7
Conjurations   | 1 2 |  2.2
Hexes          | 1 2 |  2.2
Summonings     | 1 2 |  2.2
Necromancy     | 1 2 |  2.2
Translocations | 1 2 |  2.2
Transmutations | 1 2 |  2.2
Fire Magic     | 1 2 |  2.2
Ice Magic      | 1 2 |  2.2
Air Magic      | 1 2 |  2.2
Earth Magic    | 1 2 |  2.2
Poison Magic   | 1 2 |  2.2
Long Blades    | 5 |  5.4
Dodging        | 5 |  5.4
Fighting       | 7 |  7.1

Action                     |  1- 3 |  4- 6 |  7- 9 || total
---------------------------+-------+-------+-------++-------
  Melee: Falchion          |   108 |   235 |    80 ||   423
         Bite              |    12 |    18 |     2 ||    32
         Punch             |     1 |     3 |     1 ||     5
   Cast: Summon Small Mamm |       |    16 |     3 ||    19
         Necrotise         |       |     4 |    13 ||    17
  Evoke: Wand              |       |       |    10 ||    10
    Use: Potion            |     2 |     7 |     4 ||    13
         Scroll            |     2 |     5 |     5 ||    12
   Stab: Sleeping          |    22 |    15 |       ||    37
         Distracted        |     1 |     1 |       ||     2
 Armour: Leather armour    |    17 |       |       ||    17
         Ring mail         |       |    91 |   166 ||   257
         Skin              |       |     8 |       ||     8
  Dodge: Dodged            |    65 |   179 |    75 ||   319

Table legend: (Time is in decaauts)
 A = Elapsed time spent in this place.
 B = Non-inter-level travel time spent in this place.
 C = Inter-level travel time spent in this place.
 D = Time resting spent in this place.
 E = Time spent auto-exploring this place.
 F = Levels seen in this place.
 G = Mean time per level.
                   A        B        C        D        E       F      G
               +--------+--------+--------+--------+--------+-----+--------+
         Total |   5216 |   4858 |    358 |     13 |   3706 |   7 |  745.1 |
       Dungeon |   5161 |   4815 |    346 |     13 |   3662 |   6 |  860.2 |
        Temple |     55 |     44 |     11 |      0 |     43 |   1 |   55.0 |
               +--------+--------+--------+--------+--------+-----+--------+

Top non-repeatable levels by time:
     D:3: 1472 daAuts
     D:4: 1315 daAuts
     D:2: 932 daAuts
     D:1: 790 daAuts
     D:5: 646 daAuts
  Temple: 55 daAuts
     D:6: 4 daAuts
